 Dungeon Crawl Stone Soup version 0.29.0-4-gdea44cf6ec (webtiles) character file.

Game seed: 13426724949765580133

176621 qw the Severer (level 18, -24/119 HPs)
             Began as a Gargoyle Berserker on Sept 6, 2022.
             Was an Elder of Trog.
             Killed from afar by Ilsuiw (56 damage)
             ... with a shard of ice
             ... on level 3 of the Shoals.
             The game lasted 00:14:18 (37548 turns).

qw the Severer (Gargoyle Berserker)                Turns: 37548, Time: 00:14:19

Health: -24/119    AC: 49    Str: 29    XL:     18   Next: 14%
Magic:  0/18       EV:  9    Int: 15    God:    Trog [****..]
Gold:   417        SH: 19    Dex: 13    Spells: 17/17 levels left

rFire   + . .      SeeInvis .   Y - +6 broad axe (vorpal)
rCold   . . .      Faith    .   p - +2 kite shield {AC+3}
rNeg    + . .      Spirit   +   i - +0 plate armour
rPois   inf        Reflect  .   l - +2 helmet
rElec   +          Harm     .   r - +2 cloak
rCorr   .          Rampage  .   k - +1 pair of gloves {infuse}
Will    +....                   B - +0 pair of boots of Teecu {Contam Str+2 Slay+2}
Stlth   ..........              h - amulet of guardian spirit
HPRegen 0.29/turn               t - ring "Zafuat" {rF+ Slay+2}
MPRegen 0.16/turn               d - ring of Uggicez {AC+4 Int+7}

@: on berserk cooldown, flying, slowed, very slow
A: sickness immunity, AC +13, big wings, negative energy resistance 1,
electricity resistance, torment resistance 1, petrification resistance, large
bone plates 1, camouflage 1, agile 1
a: Renounce Religion, Berserk, Trog's Hand, Brothers in Arms


You were on level 3 of the Shoals.
You worshipped Trog.
Trog was greatly pleased with you.
You visited 4 branches of the dungeon, and saw 25 of its levels.
You also visited: Sewer, Ossuary and Gauntlet.

You collected 2530 gold pieces.
You spent 2113 gold pieces at shops.


Innate Abilities, Weirdness & Mutations

You are immune to sickness and miasma.
Your stone body is resilient. (AC +13)
You are immune to poison.
Your large and strong wings let you fly.
You resist negative energy. (rN+)
You are resistant to electric shocks. (rElec)
You are resistant to unholy torment.
You are immune to petrification.
You are partially covered in large bone plates. (SH +4)
Your skin changes colour to match your surroundings (Stealth+).
You are agile. (Dex +4, Str/Int -1)


   Skills:
 - Level 15.0 Fighting
 - Level 18.0 Axes
 - Level 8.0 Throwing
 + Level 14.8 Armour
 - Level 5.0 Dodging
 - Level 14.2 Shields


You had 17 spell levels left.
You didn't know any spells.
Your spell library was empty.

Inventory:

Hand Weapons
 Y - a +6 vorpal broad axe (weapon)
Missiles
 j - 20 boomerangs
 v - 5 javelins
 z - 3 silver boomerangs
 A - a silver javelin (quivered)
Armour
 i - a +0 plate armour (worn)
 k - a +1 pair of gloves of infusion (worn)
 l - a +2 helmet (worn)
 p - a +2 kite shield of protection (worn)
 r - a +2 cloak (worn)
 s - a scarf of resistance
 u - +0 fire dragon scales
 B - the +0 pair of boots of Teecu (worn) {Contam Str+2 Slay+2}
   (You found it on level 1 of the Shoals)

   Str:       It affects your strength (+2).
   Slay:      It affects your accuracy & damage with ranged weapons and melee
   (+2).
   Contam:    It causes magical contamination when unequipped.
Jewellery
 d - the ring of Uggicez (right hand) {AC+4 Int+7}
   (You found it on level 8 of the Dungeon)

   [ring of protection]

   AC:        It affects your AC (+4).
   Int:       It affects your intelligence (+7).
 g - a +4 ring of evasion
 h - an amulet of guardian spirit (around neck)
 o - a ring of protection from fire
 t - the ring "Zafuat" (left hand) {rF+ Slay+2}
   (You took it off a centaur on level 8 of the Dungeon)

   [ring of protection from fire]

   Slay:      It affects your accuracy & damage with ranged weapons and melee
   (+2).
   rF:        It protects you from fire.
 x - the amulet "Lieschyin" {Acrobat Harm rC+ rCorr Str+2}
   (You bought it in a shop on level 2 of the Orcish Mines)

   [amulet of the acrobat]

   It increases your evasion while moving and waiting.
   Str:       It affects your strength (+2).
   rC:        It protects you from cold.
   rCorr:     It protects you from acid and corrosion.
   Harm:      It increases damage dealt and taken.
 y - an amulet of regeneration
Scrolls
 e - 10 scrolls of teleportation
 m - 7 scrolls of identify
Potions
 a - 8 potions of heal wounds
 b - 5 potions of mutation
 c - 13 potions of curing
 f - 4 potions of cancellation
 n - 2 potions of haste
 q - 11 potions of might

Dungeon Overview and Level Annotations

Branches:
Dungeon (15/15)            Temple (0/1) D:7            Lair (5/5) D:11
 Shoals (3/4) Lair:2       Spider (0/4) Lair:3        Slime (0/5) Lair:4
    Orc (2/2) D:11            Elf (0/3) Orc:2        Vaults (0/5) D:14
 Depths (0/4) D:15          Sewer (visited)         Ossuary (visited)
Gauntlet (visited)

Altars:
Cheibriados
Gozag
Hepliaklqana
Kikubaaqudgha
Makhleb
Okawaru
Qazlal
Sif Muna
Trog
Wu Jian
Zin
The Shining One
Jiyva

Shops:
D:7 *   D:10 =   Orc:2 !??=

Annotations:
Shoals:1 1 runed translucent door
Shoals:3 Ilsuiw


Message History

You feel a strong urge to attack something.
Something hits you but does no damage.
You slash the merfolk!
The merfolk is heavily wounded.
You block the merfolk's attack.
You chop the merfolk into pieces!!!
You kill the merfolk!
Trog accepts your kill.
You hear a splash. x2
Something hits you but does no damage.
You swing at nothing.
Something hits you but does no damage.
You swing at nothing.
You feel a strong urge to attack something.
You swing at nothing.
Something hits you but does no damage.
You swing at nothing.
You feel your anger nearly subside.
You are no longer berserk.
You are exhausted.
You feel yourself slow down.
You swing at nothing.
Something hits you but does no damage.
You miss something.
You hear some strange, mumbled words.
You slash something! Something hits you. Something freezes you.
You barely miss something. Something hits you but does no damage.
You slice something!! Something hits you but does no damage.
You slash something! Something hits you but does no damage.
You closely miss something.
Something hits you but does no damage. x2
You slice something!! Something hits you but does no damage.
You miss something.
A shard of ice appears from out of thin air!
The shard of ice hits you!!!
You die...

~~~~~~~~~~~~~~ ~.
...~~~~~~~~~~
~~##.......~~~~~
~~...~~.....~~~~
.~~~~~~.....~~~~
..~)~~~~~~~~~~~~~
...~~~~)~)~~~~~~~
..~~~~)~@{~~~~~~.
~~~~~~~)~~~~~~~~.
~~~~~~~~~~~~.~~~>
~~~~~~~~~~~~~.~~.
~~~~~~~~~).~~......
~~~~~~~~~~~~~~~~..~~##...
~~~~~~~~~~~~~~~~..[~##...
P~~~~~~~~~~~~~~~~.......~
~~~~~~~~~~~~~~~$........~


There were no monsters in sight!

Vanquished Creatures
  Rupert (Lair:3)
  Gastronok (Lair:1)
  4 krakens (Shoals:1)
  Roxanne (Shoals:2)
  A minotaur (Gauntlet)
  Snorg (D:13)
  2 merfolk javelineers (Shoals:3)
  3 merfolk impalers
  A fire dragon (D:12)
  Josephine (Lair:4)
  Harold (Lair:2)
  A great orb of eyes (D:15)
  4 merfolk avatars
  7 hydras
  A boulder beetle (Lair:5)
  6 centaur warriors
  A satyr (Shoals:2)
  2 dancing weapons (D:14)
  A merfolk aquamancer (Shoals:1)
  7 two-headed ogres
  A tengu warrior (D:12)
  6 death yaks
  4 orc high priests (Orc:2)
  Urug (Lair:3)
  2 thrashing horrors (Gauntlet)
  Sonja (Lair:5)
  6 sea snakes
  7 orc knights
  9 harpies
  4 deep elf pyromancers
  A wolf spider (Lair:3)
  7 orc sorcerers
  A salamander (shapeshifter) (Gauntlet)
  10 fauns
  22 ugly things
  5 cyclopes
  10 manticores
  22 elephants
  12 merfolk sirens
  3 water nymphs (Shoals:2)
  5 torpor snails
  An eye of devastation (shapeshifter) (D:15)
  13 cane toads
  3 black mambas
  An unseen horror (D:12)
  2 efreet
  2 kobold demonologists
  4 rime drakes
  6 komodo dragons
  27 merfolk
  A queen bee (Lair:3)
  7 trolls
  7 polar bears
  3 meliai (D:15)
  8 hornets
  4 wind drakes
  4 slime creatures
  12 blink frogs
  3 dream sheep (Shoals:1)
  A blink frog (shapeshifter) (Gauntlet)
  5 snapping turtles
  4 flying skulls (Gauntlet)
  3 small abominations (Gauntlet)
  3 shadows
  4 water elementals
  A centaur simulacrum (D:12)
  58 yaks
  2 vampires
  10 spriggans (D:11)
  2 wyverns
  8 basilisks
  A wyvern (shapeshifter) (Gauntlet)
  8 wraiths
  7 vampire mosquitoes
  2 steam dragons (Lair:5)
  Grum (D:10)
  3 redbacks
  3 wargs
  14 water moccasins
  An acid dragon (D:13)
  A floating eye (shapeshifter) (D:15)
  4 black bears
  30 orc warriors
  2 ice beasts
  7 ogres
  3 sky beasts
  17 wolves
  11 centaurs
  11 bullfrogs
  2 kobold brigands
  3 gnoll sergeants
  2 scorpions
  A wight (D:8)
  31 killer bees
  2 howler monkeys
  4 electric eels
  A centaur zombie (Ossuary)
  3 jellies
  20 orc priests
  3 hounds
  Terence (D:2)
  5 iguanas
  17 orc wizards
  2 hell rats (Lair:5)
  4 ogre zombies (Ossuary)
  7 mummies (Ossuary)
  20 gnolls
  16 adders
  8 river rats
  2 shadow imps
  14 white imps
  An ufetubus (D:5)
  3 adder zombies (Ossuary)
  2 worms (D:4)
  A dart slug (D:5)
  56 orcs
  4 bats
  6 endoplasms
  13 giant cockroaches
  A gnoll zombie (Ossuary)
  4 hobgoblins
  2 jackals (D:5)
  5 quokkas
  9 ball pythons
  13 frilled lizards
  9 goblins
  5 goblin zombies (Ossuary)
  5 hobgoblin zombies (Ossuary)
  12 kobolds
  6 kobold zombies (Ossuary)
  3 quokka zombies (Ossuary)
  7 rats
  2 rat zombies (Ossuary)
  9 tentacles (Shoals:1)
867 creatures vanquished.

Vanquished Creatures (collateral kills)
  2 merfolk javelineers (Shoals:1)
  A merfolk impaler (Shoals:1)
  A hydra (Lair:3)
  A merfolk aquamancer (Shoals:1)
  A polar bear (Lair:5)
  4 merfolk
  3 dream sheep (Shoals:1)
  A centaur (D:13)
  A bullfrog (Lair:3)
15 creatures vanquished.

Vanquished Creatures (others)
  A water moccasin (Lair:5)
  33 fungi
  80 plants
  18 tentacles (Shoals:1)
132 creatures vanquished.

Grand Total: 1014 creatures vanquished

Notes
Turn   | Place    | Note
-------+----------+-------------------------------------------
     0 | D:1      | qw the Gargoyle Berserker began the quest for the Orb.
     0 | D:1      | Reached XP level 1. HP: 14/14 MP: 1/1
     0 | D:1      | 0 ||| qw: Version: 0.1-a-107-g9ff403c
     0 | D:1      | 0 ||| qw: Game counter: 6049
     0 | D:1      | 0 ||| qw: Always use a shield: true
     0 | D:1      | 0 ||| qw: Do Orc after D:15 true
     0 | D:1      | 0 ||| qw: Do second Lair branch before Depths: true
     0 | D:1      | 0 ||| qw: Lair rune preference: random
     0 | D:1      | 0 ||| qw: Plans: Normal
     0 | D:1      | 0 ||| PLANNING D:1-11
   143 | D:1      | Reached skill level 3 in Axes
   171 | D:1      | Reached XP level 2. HP: 19/19 MP: 2/2
   213 | D:1      | 213 ||| INVOKING Berserk.
   654 | D:1      | 654 ||| SWAPPING to +0 war axe.
   655 | D:1      | 655 ||| DROPPING +0 hand axe.
   754 | D:1      | 754 ||| INVOKING Berserk.
   758 | D:1      | 758 ||| INVOKING Berserk.
  1007 | D:1      | 1007 ||| Stepping ~*~*~tactically~*~*~ (stealth).
  1009 | D:1      | 1009 ||| Stepping ~*~*~tactically~*~*~ (stealth).
  1039 | D:1      | 1039 ||| Stepping ~*~*~tactically~*~*~ (stealth).
  1173 | D:1      | 1173 ||| UPGRADING to +0 ring mail.
  1193 | D:1      | 1193 ||| DROPPING +0 animal skin.
  1194 | D:1      | 1194 ||| UPGRADING to +0 buckler.
  1199 | D:1      | 1199 ||| READING 3 scrolls labelled POOGITHR MEZXUY.
  1200 | D:1      | 1200 ||| READING scroll labelled KAECHEMMOE.
  1201 | D:1      | 1201 ||| DRINKING 2 blue potions.
  1247 | D:1      | 1247 ||| DROPPING potion of lignification.
  1248 | D:1      | 1248 ||| DROPPING 2 scrolls of noise.
  1293 | D:2      | Reached skill level 1 in Shields
  1293 | D:2      | Reached XP level 3. HP: 20/23 MP: 3/3
  1364 | D:2      | 1364 ||| FLEEEEING.
  1365 | D:2      | 1365 ||| FLEEEEING.
  1366 | D:2      | 1366 ||| FLEEEEING.
  1367 | D:2      | 1367 ||| FLEEEEING.
  1368 | D:2      | 1368 ||| FLEEEEING.
  1369 | D:2      | 1369 ||| FLEEEEING.
  1370 | D:2      | 1370 ||| FLEEEEING.
  1371 | D:2      | 1371 ||| FLEEEEING.
  1372 | D:2      | 1372 ||| FLEEEEING.
  1374 | D:2      | 1374 ||| FLEEEEING.
  1375 | D:2      | 1375 ||| FLEEEEING.
  1376 | D:2      | 1376 ||| FLEEEEING.
  1377 | D:2      | 1377 ||| FLEEEEING.
  1378 | D:2      | 1378 ||| FLEEEEING.
  1379 | D:2      | 1379 ||| FLEEEEING.
  1380 | D:2      | 1380 ||| FLEEEEING.
  1381 | D:2      | 1381 ||| FLEEEEING.
  1382 | D:2      | 1382 ||| FLEEEEING.
  1383 | D:2      | 1383 ||| FLEEEEING.
  1384 | D:2      | 1384 ||| FLEEEEING.
  1385 | D:2      | 1385 ||| FLEEEEING.
  1386 | D:2      | 1386 ||| STAIRDANCE
  1447 | D:2      | 1447 ||| Stepping ~*~*~tactically~*~*~ (stealth).
  1448 | D:2      | 1448 ||| Stepping ~*~*~tactically~*~*~ (stealth).
  1511 | D:2      | 1511 ||| Stepping ~*~*~tactically~*~*~ (stealth).
  1512 | D:2      | 1512 ||| Stepping ~*~*~tactically~*~*~ (stealth).
  1513 | D:2      | 1513 ||| Stepping ~*~*~tactically~*~*~ (stealth).
  1532 | D:2      | Noticed Terence
  1535 | D:2      | 1535 ||| INVOKING Berserk.
  1537 | D:2      | Killed Terence
  1538 | D:2      | Reached skill level 4 in Axes
  1538 | D:2      | Reached XP level 4. HP: 28/28 MP: 4/4
  1643 | D:2      | 1643 ||| Stepping ~*~*~tactically~*~*~ (hiding).
  1644 | D:2      | 1644 ||| Stepping ~*~*~tactically~*~*~ (hiding).
  1648 | D:2      | 1648 ||| INVOKING Berserk.
  1649 | D:2      | 1649 ||| INVOKING Berserk.
  1713 | D:2      | 1713 ||| Stepping ~*~*~tactically~*~*~ (stealth).
  1827 | D:2      | 1827 ||| INVOKING Berserk.
  2042 | D:2      | 2042 ||| Stepping ~*~*~tactically~*~*~ (stealth).
  2051 | D:2      | Reached XP level 5. HP: 30/32 MP: 5/5
  2070 | D:2      | 2070 ||| Stepping ~*~*~tactically~*~*~ (stealth).
  2444 | D:2      | Found a faded altar of an unknown god.
  2448 | D:2      | 2448 ||| UPGRADING to +0 scale mail.
  2458 | D:2      | 2458 ||| DROPPING +0 ring mail.
  2459 | D:2      | 2459 ||| UPGRADING to +0 chain mail.
  2469 | D:2      | 2469 ||| DROPPING +0 scale mail.
  2470 | D:2      | 2470 ||| UPGRADING to +0 helmet.
  2475 | D:2      | 2475 ||| UPGRADING to ring of positive energy.
  2476 | D:2      | 2476 ||| UPGRADING to ring of protection from cold.
  2522 | D:3      | 2522 ||| PLANNING SEWER
  2543 | D:3      | 2543 ||| Stepping ~*~*~tactically~*~*~ (stealth).
  2552 | D:3      | Reached ** piety under Trog
  2584 | D:3      | Found a bloodstained altar of Trog.
  2776 | D:3      | 2776 ||| Stepping ~*~*~tactically~*~*~ (stealth).
  2948 | D:3      | Reached skill level 1 in Throwing
  3120 | D:3      | Found a glowing drain.
  3121 | D:3      | 3121 ||| DROPPING +6 ring of intelligence.
  3122 | D:3      | 3122 ||| READING scroll labelled CEARED XILE.
  3123 | D:3      | 3123 ||| READING 4 scrolls labelled NIUTRU OPSIFAR.
  3124 | D:3      | 3124 ||| READING scroll labelled BYM RUOTOHOUTICW.
  3125 | D:3      | 3125 ||| DRINKING 3 yellow potions.
  3126 | D:3      | 3126 ||| READING 3 scrolls of identify.
  3126 | D:3      | 3126 ||| IDENTIFYING dark potion
  3127 | D:3      | 3127 ||| READING 2 scrolls of identify.
  3127 | D:3      | 3127 ||| IDENTIFYING bubbling brown potion
  3128 | D:3      | 3128 ||| DROPPING potion of brilliance.
  3138 | Sewer    | Entered a sewer
  3313 | Sewer    | 3313 ||| Stepping ~*~*~tactically~*~*~ (water).
  3320 | Sewer    | Reached skill level 5 in Axes
  3459 | Sewer    | Reached XP level 6. HP: 38/38 MP: 6/6
  3506 | Sewer    | 3506 ||| Stepping ~*~*~tactically~*~*~ (water).
  3558 | Sewer    | 3558 ||| INVOKING Berserk.
  3559 | Sewer    | HP: 13/57 [bullfrog (4)]
  3566 | Sewer    | HP: 8/57 [frilled lizard (1)]
  4049 | Sewer    | 4049 ||| READING scroll labelled XICIL LAKKI.
  4053 | Sewer    | 4053 ||| READING scroll labelled AMMEBA QURO.
  4054 | Sewer    | 4054 ||| READING scroll labelled GEWEEF PEUSASY.
  4095 | D:3      | 4095 ||| PLANNING D:1-11
  4283 | D:3      | 4283 ||| SWAPPING to +0 broad axe.
  4284 | D:3      | 4284 ||| DROPPING +0 war axe.
  4299 | D:4      | 4299 ||| PLANNING OSSUARY
  4307 | D:4      | Reached skill level 6 in Axes
  4406 | D:4      | 4406 ||| Stepping ~*~*~tactically~*~*~ (stealth).
  4407 | D:4      | 4407 ||| Stepping ~*~*~tactically~*~*~ (stealth).
  4408 | D:4      | 4408 ||| Stepping ~*~*~tactically~*~*~ (stealth).
  4419 | D:4      | 4419 ||| Stepping ~*~*~tactically~*~*~ (stealth).
  4420 | D:4      | 4420 ||| Stepping ~*~*~tactically~*~*~ (stealth).
  4423 | D:4      | 4423 ||| Stepping ~*~*~tactically~*~*~ (stealth).
  4425 | D:4      | 4425 ||| Stepping ~*~*~tactically~*~*~ (stealth).
  4426 | D:4      | 4426 ||| Stepping ~*~*~tactically~*~*~ (stealth).
  4427 | D:4      | 4427 ||| Stepping ~*~*~tactically~*~*~ (stealth).
  4442 | D:4      | 4442 ||| Stepping ~*~*~tactically~*~*~ (stealth).
  4523 | D:4      | Noticed an ice beast
  4537 | D:4      | Killed an ice beast
  4537 | D:4      | Reached *** piety under Trog
  4538 | D:4      | Reached skill level 3 in Armour
  4538 | D:4      | Reached XP level 7. HP: 36/43 MP: 7/7
  4597 | D:4      | Found a sand-covered staircase.
  4598 | D:4      | 4598 ||| READING scroll labelled SUIREOTAMM.
  4607 | Ossuary  | Entered an ossuary
  4717 | Ossuary  | Reached skill level 3 in Shields
  4753 | Ossuary  | 4753 ||| Stepping ~*~*~tactically~*~*~ (stealth).
  4857 | Ossuary  | 4857 ||| Stepping ~*~*~tactically~*~*~ (stealth).
  5069 | Ossuary  | Reached **** piety under Trog
  5206 | Ossuary  | 5206 ||| READING 2 scrolls labelled RYCKOE DEVUAFF.
  5307 | Ossuary  | 5307 ||| READING scroll labelled VENAT LAKUSADD.
  5308 | Ossuary  | 5308 ||| DRINKING 2 smoky clear potions.
  5309 | Ossuary  | 5309 ||| READING 4 scrolls of identify.
  5309 | Ossuary  | 5309 ||| IDENTIFYING bubbling white potion
  5310 | Ossuary  | 5310 ||| DROPPING scroll of silence.
  5327 | D:4      | 5327 ||| PLANNING D:1-11
  5405 | D:4      | Found a glowing golden altar of the Shining One.
  5507 | D:4      | 5507 ||| INVOKING Berserk.
  5678 | D:4      | Reached skill level 7 in Axes
  5704 | D:4      | Found a hazy altar of Hepliaklqana.
  5781 | D:4      | 5781 ||| READING 4 scrolls of identify.
  5781 | D:4      | 5781 ||| IDENTIFYING emerald potion
  5782 | D:4      | 5782 ||| DROPPING potion of ambrosia.
  5794 | D:5      | Entered Level 5 of the Dungeon
  5823 | D:5      | 5823 ||| INVOKING Berserk.
  5826 | D:5      | Reached XP level 8. HP: 27/48 MP: 8/8
  6171 | D:5      | 6171 ||| INVOKING Berserk.
  6396 | D:5      | Identified the +1 chain mail of Space {Str+3}
  6544 | D:5      | 6544 ||| INVOKING Berserk.
  6659 | D:5      | Found a burning altar of Makhleb.
  6666 | D:5      | 6666 ||| Stepping ~*~*~tactically~*~*~ (stealth).
  6689 | D:5      | Found an ancient bone altar of Kikubaaqudgha.
  7276 | D:5      | 7276 ||| UPGRADING to +0 plate armour.
  7286 | D:5      | 7286 ||| DROPPING +0 chain mail.
  7287 | D:5      | 7287 ||| DROPPING +1 chain mail of Space {Str+3}.
  7288 | D:5      | 7288 ||| UPGRADING to +2 cloak.
  7293 | D:5      | 7293 ||| DRINKING 2 inky potions.
  7294 | D:5      | 7294 ||| READING 3 scrolls of identify.
  7294 | D:5      | 7294 ||| IDENTIFYING fuming inky potion
  7295 | D:5      | 7295 ||| DROPPING potion of degeneration.
  7384 | D:6      | 7384 ||| Stepping ~*~*~tactically~*~*~ (hiding).
  7385 | D:6      | 7385 ||| Stepping ~*~*~tactically~*~*~ (stealth).
  7403 | D:6      | Reached skill level 8 in Axes
  7480 | D:6      | 7480 ||| Stepping ~*~*~tactically~*~*~ (stealth).
  7836 | D:6      | Found an iron altar of Okawaru.
  7854 | D:6      | 7854 ||| INVOKING Berserk.
  7857 | D:6      | Reached skill level 6 in Fighting
  7857 | D:6      | Reached XP level 9. HP: 39/55 MP: 9/9
  8031 | D:6      | 8031 ||| INVOKING Berserk.
  8398 | D:6      | 8398 ||| Stepping ~*~*~tactically~*~*~ (hiding).
  8645 | D:6      | 8645 ||| Stepping ~*~*~tactically~*~*~ (stealth).
  8667 | D:6      | 8667 ||| DROPPING scarf of invisibility.
  8668 | D:6      | 8668 ||| READING 2 scrolls of identify.
  8668 | D:6      | 8668 ||| IDENTIFYING coppery potion
  8669 | D:6      | 8669 ||| DROPPING potion of magic.
  8701 | D:7      | 8701 ||| INVOKING Berserk.
  8740 | D:7      | Found a glowing silver altar of Zin.
  8740 | D:7      | Found an opulent altar of Gozag.
  8759 | D:7      | 8759 ||| Stepping ~*~*~tactically~*~*~ (hiding).
  8761 | D:7      | 8761 ||| Stepping ~*~*~tactically~*~*~ (hiding).
  8764 | D:7      | 8764 ||| Stepping ~*~*~tactically~*~*~ (hiding).
  8765 | D:7      | 8765 ||| Stepping ~*~*~tactically~*~*~ (hiding).
  8776 | D:7      | Reached skill level 9 in Axes
  8781 | D:7      | 8781 ||| Stepping ~*~*~tactically~*~*~ (stealth).
  8783 | D:7      | 8783 ||| Stepping ~*~*~tactically~*~*~ (hiding).
  8786 | D:7      | 8786 ||| INVOKING Berserk.
  8793 | D:7      | Found Wuatiros's Overcharged Wands.
  8981 | D:7      | 8981 ||| INVOKING Berserk.
  8984 | D:7      | HP: 16/82 [orc priest/divine providence (12)]
  9045 | D:7      | 9045 ||| Stepping ~*~*~tactically~*~*~ (stealth).
  9047 | D:7      | 9047 ||| Stepping ~*~*~tactically~*~*~ (stealth).
  9048 | D:7      | 9048 ||| Stepping ~*~*~tactically~*~*~ (stealth).
  9050 | D:7      | 9050 ||| Stepping ~*~*~tactically~*~*~ (stealth).
  9051 | D:7      | 9051 ||| INVOKING Berserk.
  9054 | D:7      | Reached skill level 6 in Armour
  9272 | D:7      | 9272 ||| FLEEEEING.
  9273 | D:7      | 9273 ||| FLEEEEING.
  9275 | D:7      | 9275 ||| STAIRDANCE
  9377 | D:6      | 9377 ||| READING scroll labelled GOGO WAGRYF.
  9378 | D:6      | 9378 ||| READING 2 scrolls of identify.
  9378 | D:6      | 9378 ||| IDENTIFYING golden potion
  9379 | D:6      | 9379 ||| DROPPING potion of berserk rage.
  9416 | D:7      | Found a staircase to the Ecumenical Temple.
  9652 | D:7      | 9652 ||| DROPPING scarf of harm.
  9653 | D:7      | 9653 ||| READING scroll labelled ORANUNK PIQYFF.
  9720 | D:8      | 9720 ||| INVOKING Berserk.
  9896 | D:8      | 9896 ||| Stepping ~*~*~tactically~*~*~ (hiding).
  9901 | D:8      | 9901 ||| INVOKING Berserk.
 10050 | D:8      | 10050 ||| Stepping ~*~*~tactically~*~*~ (stealth).
 10052 | D:8      | 10052 ||| Stepping ~*~*~tactically~*~*~ (stealth).
 10054 | D:8      | 10054 ||| Stepping ~*~*~tactically~*~*~ (stealth).
 10060 | D:8      | 10060 ||| Stepping ~*~*~tactically~*~*~ (hiding).
 10065 | D:8      | 10065 ||| INVOKING Berserk.
 10253 | D:8      | 10253 ||| Stepping ~*~*~tactically~*~*~ (stealth).
 10258 | D:8      | 10258 ||| INVOKING Berserk.
 10366 | D:8      | 10366 ||| Stepping ~*~*~tactically~*~*~ (hiding).
 10371 | D:8      | 10371 ||| INVOKING Berserk.
 10383 | D:8      | Reached skill level 10 in Axes
 10386 | D:8      | Reached XP level 10. HP: 63/63 MP: 10/10
 10517 | D:8      | Identified the ring of Uggicez {AC+4 Int+7}
 10537 | D:8      | Identified the ring "Zafuat" {rF+ Slay+2}
 10538 | D:8      | Noticed a cyan ugly thing
 10539 | D:8      | Noticed a red ugly thing
 10552 | D:8      | 10552 ||| INVOKING Berserk.
 10559 | D:8      | Killed a cyan ugly thing
 10570 | D:8      | HP: 12/65 [shadow (9)]
 10571 | D:8      | 10571 ||| READING 3 scrolls of teleportation.
 10572 | D:8      | 10572 ||| DRINKING 5 potions of heal wounds.
 10675 | D:8      | 10675 ||| Invisible monster not found???
 10734 | D:8      | 10734 ||| INVOKING Berserk.
 10739 | D:8      | Killed a red ugly thing
 10939 | D:8      | 10939 ||| Stepping ~*~*~tactically~*~*~ (hiding).
 10946 | D:8      | 10946 ||| DRINKING 6 potions of curing.
 10946 | D:8      | 10946 ||| (to cure confusion)
 10961 | D:8      | 10961 ||| Stepping ~*~*~tactically~*~*~ (hiding).
 11181 | D:8      | Found a shimmering blue altar of Sif Muna.
 11266 | D:8      | 11266 ||| DROPPING ring of ice.
 11267 | D:8      | 11267 ||| UPGRADING to ring of Uggicez {AC+4 Int+7}.
 11269 | D:8      | 11269 ||| UPGRADING to ring "Zafuat" {rF+ Slay+2}.
 11271 | D:8      | 11271 ||| DROPPING ring of positive energy.
 11272 | D:8      | 11272 ||| UPGRADING to ring of Uggicez {AC+4 Int+7}.
 11274 | D:8      | 11274 ||| READING scroll labelled GAAKKA JIWKYRPH.
 11317 | D:9      | 11317 ||| Stepping ~*~*~tactically~*~*~ (hiding).
 11320 | D:9      | 11320 ||| Stepping ~*~*~tactically~*~*~ (hiding).
 11380 | D:9      | 11380 ||| Stepping ~*~*~tactically~*~*~ (hiding).
 11644 | D:9      | 11644 ||| INVOKING Berserk.
 12194 | D:9      | Found a stormy altar of Qazlal.
 12275 | D:10     | Entered Level 10 of the Dungeon
 12296 | D:10     | 12296 ||| Stepping ~*~*~tactically~*~*~ (hiding).
 12298 | D:10     | 12298 ||| Stepping ~*~*~tactically~*~*~ (hiding).
 12301 | D:10     | 12301 ||| INVOKING Berserk.
 12314 | D:10     | Reached skill level 11 in Axes
 12371 | D:10     | 12371 ||| Stepping ~*~*~tactically~*~*~ (stealth).
 12374 | D:10     | 12374 ||| Stepping ~*~*~tactically~*~*~ (stealth).
 12376 | D:10     | 12376 ||| Stepping ~*~*~tactically~*~*~ (stealth).
 12383 | D:10     | 12383 ||| Stepping ~*~*~tactically~*~*~ (stealth).
 12384 | D:10     | 12384 ||| INVOKING Berserk.
 12388 | D:10     | Reached skill level 9 in Fighting
 12423 | D:10     | 12423 ||| Stepping ~*~*~tactically~*~*~ (stealth).
 12565 | D:10     | Reached XP level 11. HP: 71/71 MP: 11/11
 12570 | D:10     | 12570 ||| INVOKING Berserk.
 12882 | D:10     | Noticed a two-headed ogre
 12886 | D:10     | 12886 ||| INVOKING Berserk.
 12889 | D:10     | Killed a two-headed ogre
 12890 | D:10     | Reached skill level 12 in Axes
 13139 | D:10     | Found Iddec's Jewellery Shoppe.
 13139 | D:10     | Noticed a two-headed ogre
 13143 | D:10     | 13143 ||| INVOKING Berserk.
 13152 | D:10     | Killed a two-headed ogre
 13301 | D:10     | 13301 ||| BUYING ring of protection from fire (250 gold).
 13301 | D:10     | Bought a ring of protection from fire for 250 gold pieces
 13301 | D:10     | 13301 ||| SHOPLISTING ring of the Tortoise {AC+8} (1280
                  | gold, have 285).
 13362 | D:10     | 13362 ||| READING scroll of enchant weapon.
 13362 | D:10     | 13362 ||| ENCHANTING +1 broad axe.
 13378 | D:10     | Found an ornate altar of the Wu Jian Council.
 13428 | D:10     | Noticed Grum
 13432 | D:10     | 13432 ||| INVOKING Berserk.
 13445 | D:10     | Killed Grum
 13759 | D:10     | Noticed a two-headed ogre
 13763 | D:10     | 13763 ||| INVOKING Berserk.
 13766 | D:10     | Killed a two-headed ogre
 13767 | D:10     | Reached skill level 6 in Shields
 13929 | D:10     | 13929 ||| DROPPING orb of energy.
 13930 | D:10     | 13930 ||| READING scroll labelled CIORUI RENWILO.
 13931 | D:10     | 13931 ||| DRINKING 2 amethyst potions.
 13932 | D:10     | 13932 ||| READING 2 scrolls of identify.
 13932 | D:10     | 13932 ||| IDENTIFYING black potion
 13933 | D:10     | 13933 ||| DROPPING potion of flight.
 13934 | D:10     | 13934 ||| DROPPING potion of attraction.
 13997 | D:11     | Found a staircase to the Lair.
 14028 | D:11     | 14028 ||| Stepping ~*~*~tactically~*~*~ (stealth).
 14035 | D:11     | 14035 ||| INVOKING Berserk.
 14069 | D:11     | 14069 ||| Stepping ~*~*~tactically~*~*~ (stealth).
 14073 | D:11     | 14073 ||| Stepping ~*~*~tactically~*~*~ (stealth).
 14156 | D:11     | 14156 ||| Stepping ~*~*~tactically~*~*~ (stealth).
 14157 | D:11     | 14157 ||| Stepping ~*~*~tactically~*~*~ (stealth).
 14161 | D:11     | 14161 ||| Stepping ~*~*~tactically~*~*~ (stealth).
 14163 | D:11     | 14163 ||| Stepping ~*~*~tactically~*~*~ (hiding).
 14166 | D:11     | 14166 ||| INVOKING Berserk.
 14323 | D:11     | Found a staircase to the Orcish Mines.
 14368 | D:11     | 14368 ||| INVOKING Berserk.
 14506 | D:11     | 14506 ||| INVOKING Berserk.
 14510 | D:11     | Reached skill level 9 in Armour
 14570 | D:11     | 14570 ||| Stepping ~*~*~tactically~*~*~ (stealth).
 14589 | D:11     | Noticed an eight-headed hydra
 14590 | D:11     | 14590 ||| INVOKING Brothers in Arms.
 14593 | D:11     | 14593 ||| SWAPPING to +0 flail.
 14594 | D:11     | 14594 ||| INVOKING Berserk.
 14600 | D:11     | Killed an eight-headed hydra
 14605 | D:11     | 14605 ||| SWAPPING to +2 broad axe of venom.
 14703 | D:11     | Noticed a two-headed ogre
 14707 | D:11     | 14707 ||| INVOKING Berserk.
 14710 | D:11     | Killed a two-headed ogre
 14863 | D:11     | Reached XP level 12. HP: 77/77 MP: 12/12
 14878 | D:11     | 14878 ||| FLEEEEING.
 14879 | D:11     | 14879 ||| FLEEEEING.
 15162 | D:11     | 15162 ||| INVOKING Berserk.
 15704 | D:11     | 15704 ||| READING scroll of enchant armour.
 15704 | D:11     | 15704 ||| ENCHANTING +0 helmet.
 15771 | D:11     | Reached skill level 13 in Axes
 15814 | D:11     | 15814 ||| Stepping ~*~*~tactically~*~*~ (stealth).
 15823 | D:11     | 15823 ||| INVOKING Berserk.
 15931 | D:11     | 15931 ||| Stepping ~*~*~tactically~*~*~ (hiding).
 15937 | D:11     | 15937 ||| INVOKING Berserk.
 16017 | D:11     | 16017 ||| PLANNING LAIR
 16092 | Lair:1   | Entered Level 1 of the Lair of Beasts
 16093 | Lair:1   | 16093 ||| PLANNING GAUNTLET
 16138 | Lair:1   | 16138 ||| READING scroll of brand weapon.
 16138 | Lair:1   | 16138 ||| BRANDING +2 broad axe of venom.
 16181 | Lair:1   | 16181 ||| INVOKING Berserk.
 16267 | Lair:1   | 16267 ||| Stepping ~*~*~tactically~*~*~ (water).
 16271 | Lair:1   | 16271 ||| INVOKING Berserk.
 16384 | Lair:1   | Found a gate leading to a gauntlet.
 16394 | Gauntlet | Entered a Gauntlet
 16394 | Gauntlet | Found a transporter.
 16406 | Gauntlet | Found a transporter.
 16418 | Gauntlet | Found a transporter.
 16420 | Gauntlet | Noticed a thrashing horror
 16423 | Gauntlet | Found a transporter.
 16438 | Gauntlet | Found a transporter.
 16454 | Gauntlet | Noticed a thrashing horror
 16457 | Gauntlet | Found a transporter.
 16469 | Gauntlet | Found a transporter.
 16481 | Gauntlet | Found a transporter.
 16487 | Gauntlet | Found a transporter.
 16489 | Gauntlet | Found a transporter.
 16506 | Gauntlet | Found a transporter.
 16509 | Gauntlet | Noticed a reaper
 16518 | Gauntlet | Found a transporter.
 16524 | Gauntlet | Found a transporter.
 16524 | Gauntlet | Found a transporter.
 16567 | Gauntlet | Found a transporter.
 16567 | Gauntlet | Noticed a death scarab
 16569 | Gauntlet | Found a runed translucent gate.
 16569 | Gauntlet | Found a runed translucent gate.
 16569 | Gauntlet | Found a runed translucent gate.
 16571 | Gauntlet | Found a large runed translucent door.
 16571 | Gauntlet | Found a large runed translucent door.
 16571 | Gauntlet | Found a large runed translucent door.
 16571 | Gauntlet | Found a large runed translucent door.
 16575 | Gauntlet | Found a large runed translucent door.
 16575 | Gauntlet | Found a large runed translucent door.
 16577 | Gauntlet | Found a large runed translucent door.
 16577 | Gauntlet | Found a large runed translucent door.
 16579 | Gauntlet | Found a large runed translucent door.
 16579 | Gauntlet | Found a large runed translucent door.
 16579 | Gauntlet | Found a runed translucent door.
 16579 | Gauntlet | Found a runed translucent door.
 16580 | Gauntlet | Found a large runed translucent door.
 16581 | Gauntlet | Found a large runed translucent door.
 16590 | Gauntlet | Found a large runed translucent door.
 16590 | Gauntlet | Found a large runed translucent door.
 16591 | Gauntlet | Found a large runed translucent door.
 16592 | Gauntlet | Found a large runed translucent door.
 16592 | Gauntlet | Found a transporter.
 16594 | Gauntlet | Found a transporter.
 16618 | Gauntlet | Found a transporter.
 16824 | Gauntlet | 16824 ||| INVOKING Berserk.
 16826 | Gauntlet | Reached skill level 14 in Axes
 17010 | Gauntlet | Identified the ring of the Griffon {rC+ Stlth+}
 17012 | Gauntlet | 17012 ||| DROPPING ring of the Griffon {rC+ Stlth+}.
 17029 | Gauntlet | 17029 ||| INVOKING Berserk.
 17180 | Gauntlet | Killed a thrashing horror
 17181 | Gauntlet | 17181 ||| Stepping randomly (stuck).
 17182 | Gauntlet | 17182 ||| Stepping randomly (stuck).
 17183 | Gauntlet | 17183 ||| Stepping randomly (stuck).
 17188 | Gauntlet | Killed a thrashing horror
 17282 | Gauntlet | 17282 ||| Stepping randomly (stuck).
 17283 | Gauntlet | 17283 ||| Stepping randomly (stuck).
 17284 | Gauntlet | 17284 ||| Stepping randomly (stuck).
 17285 | Gauntlet | 17285 ||| Stepping randomly (stuck).
 17293 | Gauntlet | 17293 ||| Stepping randomly (stuck).
 17294 | Gauntlet | 17294 ||| Stepping randomly (stuck).
 17295 | Gauntlet | 17295 ||| Stepping randomly (stuck).
 17296 | Gauntlet | 17296 ||| Stepping randomly (stuck).
 17297 | Gauntlet | 17297 ||| Stepping randomly (stuck).
 17298 | Gauntlet | 17298 ||| Stepping randomly (stuck).
 17299 | Gauntlet | 17299 ||| Stepping randomly (stuck).
 17300 | Gauntlet | 17300 ||| Stepping randomly (stuck).
 17356 | Gauntlet | 17356 ||| DROPPING ring of protection from cold.
 17382 | Gauntlet | Noticed a minotaur
 17383 | Gauntlet | 17383 ||| INVOKING Berserk.
 17400 | Gauntlet | Killed a minotaur
 17503 | Gauntlet | Identified the +3 ring mail of Forking Paths {Fly}
 17508 | Gauntlet | Identified the +0 trident "Tuhuni" {flame, rF+ rC+ SInv}
 17508 | Gauntlet | Identified the +1 ring mail of Benwocs {MP+9}
 17511 | Gauntlet | 17511 ||| UPGRADING to +2 kite shield of protection.
 17521 | Gauntlet | 17521 ||| DROPPING +0 buckler.
 17522 | Gauntlet | 17522 ||| DROPPING +6 ring of dexterity.
 17526 | Lair:1   | 17526 ||| PLANNING LAIR
 17589 | Lair:1   | Noticed Gastronok
 17594 | Lair:1   | 17594 ||| INVOKING Berserk.
 17600 | Lair:1   | Killed Gastronok
 17733 | Lair:1   | 17733 ||| Stepping ~*~*~tactically~*~*~ (stealth).
 17763 | Lair:1   | Reached XP level 13. HP: 84/84 MP: 13/13
 17767 | Lair:1   | Reached skill level 9 in Shields
 17907 | Lair:1   | 17907 ||| Stepping ~*~*~tactically~*~*~ (stealth).
 17915 | Lair:1   | Reached skill level 3 in Throwing
 18023 | Lair:1   | 18023 ||| Stepping ~*~*~tactically~*~*~ (stealth).
 18647 | Lair:1   | 18647 ||| DROPPING +6 ring of strength.
 18648 | Lair:1   | 18648 ||| DROPPING ring of see invisible.
 18699 | Lair:2   | Noticed Harold
 18703 | Lair:2   | 18703 ||| INVOKING Berserk.
 18717 | Lair:2   | Killed Harold
 18738 | Lair:2   | 18738 ||| Stepping ~*~*~tactically~*~*~ (hiding).
 18969 | Lair:2   | 18969 ||| Stepping ~*~*~tactically~*~*~ (hiding).
 19080 | Lair:2   | Found a staircase to the Shoals.
 19157 | Lair:2   | 19157 ||| READING scroll of enchant weapon.
 19157 | Lair:2   | 19157 ||| ENCHANTING +2 broad axe of freezing.
 19877 | Lair:2   | 19877 ||| DRINKING 2 sedimented ruby potions.
 19877 | Lair:2   | Gained mutation: Your skin changes colour to match your
                  | surroundings (Stealth+). [potion of mutation]
 19877 | Lair:2   | Gained mutation: You are agile. (Dex +4, Str/Int -1)
                  | [potion of mutation]
 19877 | Lair:2   | Gained mutation: You are partially covered in large bone
                  | plates. (SH +4) [potion of mutation]
 19973 | Lair:3   | 19973 ||| INVOKING Berserk.
 19985 | Lair:3   | Reached skill level 3 in Dodging
 20072 | Lair:3   | Noticed Rupert
 20073 | Lair:3   | 20073 ||| INVOKING Trog's Hand.
 20075 | Lair:3   | 20075 ||| INVOKING Berserk.
 20091 | Lair:3   | Killed Rupert
 20304 | Lair:3   | 20304 ||| Stepping ~*~*~tactically~*~*~ (stealth).
 20306 | Lair:3   | 20306 ||| Stepping ~*~*~tactically~*~*~ (stealth).
 20307 | Lair:3   | 20307 ||| Stepping ~*~*~tactically~*~*~ (stealth).
 20310 | Lair:3   | 20310 ||| Stepping ~*~*~tactically~*~*~ (stealth).
 20311 | Lair:3   | 20311 ||| Stepping ~*~*~tactically~*~*~ (stealth).
 20312 | Lair:3   | 20312 ||| Stepping ~*~*~tactically~*~*~ (stealth).
 20313 | Lair:3   | 20313 ||| Stepping ~*~*~tactically~*~*~ (stealth).
 20381 | Lair:3   | 20381 ||| Stepping ~*~*~tactically~*~*~ (stealth).
 20385 | Lair:3   | Noticed Urug
 20388 | Lair:3   | 20388 ||| INVOKING Berserk.
 20393 | Lair:3   | Killed Urug
 20601 | Lair:3   | 20601 ||| INVOKING Berserk.
 20651 | Lair:3   | 20651 ||| INVOKING Brothers in Arms.
 20652 | Lair:3   | 20652 ||| INVOKING Brothers in Arms.
 20654 | Lair:3   | 20654 ||| SWAPPING to +0 flail.
 20655 | Lair:3   | 20655 ||| INVOKING Berserk.
 20664 | Lair:3   | 20664 ||| SWAPPING to +3 broad axe of freezing.
 20713 | Lair:3   | 20713 ||| Stepping ~*~*~tactically~*~*~ (stealth).
 20714 | Lair:3   | 20714 ||| Stepping ~*~*~tactically~*~*~ (stealth).
 20718 | Lair:3   | 20718 ||| INVOKING Berserk.
 20860 | Lair:3   | Reached skill level 12 in Shields
 20898 | Lair:3   | 20898 ||| Stepping ~*~*~tactically~*~*~ (hiding).
 21103 | Lair:3   | 21103 ||| FLEEEEING.
 21104 | Lair:3   | 21104 ||| FLEEEEING.
 21107 | Lair:3   | 21107 ||| FLEEEEING.
 21109 | Lair:3   | 21109 ||| FLEEEEING.
 21110 | Lair:3   | 21110 ||| FLEEEEING.
 21111 | Lair:3   | 21111 ||| FLEEEEING.
 21112 | Lair:3   | 21112 ||| FLEEEEING.
 21113 | Lair:3   | 21113 ||| INVOKING Berserk.
 21229 | Lair:3   | Found a snail-covered altar of Cheibriados.
 21241 | Lair:3   | 21241 ||| FLEEEEING.
 21245 | Lair:3   | 21245 ||| INVOKING Berserk.
 21366 | Lair:3   | 21366 ||| FLEEEEING.
 21367 | Lair:3   | 21367 ||| FLEEEEING.
 21368 | Lair:3   | 21368 ||| FLEEEEING.
 21369 | Lair:3   | 21369 ||| FLEEEEING.
 21370 | Lair:3   | 21370 ||| FLEEEEING.
 21371 | Lair:3   | 21371 ||| FLEEEEING.
 21372 | Lair:3   | 21372 ||| FLEEEEING.
 21373 | Lair:3   | 21373 ||| FLEEEEING.
 21374 | Lair:3   | 21374 ||| FLEEEEING.
 21377 | Lair:3   | 21377 ||| INVOKING Berserk.
 21636 | Lair:3   | 21636 ||| Stepping ~*~*~tactically~*~*~ (stealth).
 21670 | Lair:3   | Gained mutation: Your large and strong wings let you fly.
                  | [Gargoyle growth]
 21670 | Lair:3   | Reached XP level 14. HP: 90/90 MP: 14/14
 21674 | Lair:3   | 21674 ||| Stepping ~*~*~tactically~*~*~ (stealth).
 21917 | Lair:3   | 21917 ||| Stepping ~*~*~tactically~*~*~ (stealth).
 21922 | Lair:3   | 21922 ||| Stepping ~*~*~tactically~*~*~ (stealth).
 21930 | Lair:3   | 21930 ||| Stepping ~*~*~tactically~*~*~ (stealth).
 21931 | Lair:3   | 21931 ||| Stepping ~*~*~tactically~*~*~ (stealth).
 22093 | Lair:3   | Found a hole to the Spider Nest.
 22097 | Lair:3   | 22097 ||| INVOKING Berserk.
 22101 | Lair:3   | Reached skill level 15 in Axes
 22306 | Lair:4   | 22306 ||| STAIRDANCE
 22312 | Lair:4   | 22312 ||| STAIRDANCE
 22389 | Lair:4   | 22389 ||| INVOKING Berserk.
 22713 | Lair:4   | Noticed Josephine
 22724 | Lair:4   | Killed Josephine
 22726 | Lair:4   | Reached ***** piety under Trog
 22847 | Lair:4   | 22847 ||| FLEEEEING.
 22848 | Lair:4   | 22848 ||| FLEEEEING.
 22849 | Lair:4   | 22849 ||| FLEEEEING.
 22850 | Lair:4   | 22850 ||| FLEEEEING.
 22851 | Lair:4   | 22851 ||| FLEEEEING.
 23017 | Lair:4   | Reached skill level 12 in Fighting
 23076 | Lair:4   | Found a viscous altar of Jiyva.
 23083 | Lair:4   | Found a staircase to the Slime Pits.
 23119 | Lair:4   | 23119 ||| DROPPING +0 flail.
 23475 | Lair:5   | Entered Level 5 of the Lair of Beasts
 23480 | Lair:5   | 23480 ||| STAIRDANCE
 23488 | Lair:5   | 23488 ||| STAIRDANCE
 23495 | Lair:5   | 23495 ||| STAIRDANCE
 23497 | Lair:4   | 23497 ||| INVOKING Brothers in Arms.
 23498 | Lair:4   | 23498 ||| INVOKING Berserk.
 23609 | Lair:5   | 23609 ||| STAIRDANCE
 23611 | Lair:4   | 23611 ||| INVOKING Berserk.
 23688 | Lair:5   | 23688 ||| STAIRDANCE
 23694 | Lair:4   | 23694 ||| INVOKING Berserk.
 23821 | Lair:5   | 23821 ||| STAIRDANCE
 23823 | Lair:4   | 23823 ||| INVOKING Berserk.
 23943 | Lair:5   | 23943 ||| STAIRDANCE
 24036 | Lair:5   | 24036 ||| Stepping ~*~*~tactically~*~*~ (stealth).
 24096 | Lair:5   | 24096 ||| Stepping ~*~*~tactically~*~*~ (stealth).
 24110 | Lair:5   | 24110 ||| FLEEEEING.
 24112 | Lair:5   | 24112 ||| FLEEEEING.
 24113 | Lair:5   | 24113 ||| FLEEEEING.
 24115 | Lair:5   | 24115 ||| FLEEEEING.
 24116 | Lair:5   | 24116 ||| FLEEEEING.
 24117 | Lair:5   | 24117 ||| FLEEEEING.
 24124 | Lair:5   | 24124 ||| INVOKING Berserk.
 24279 | Lair:5   | 24279 ||| INVOKING Berserk.
 24347 | Lair:5   | 24347 ||| FLEEEEING.
 24348 | Lair:5   | 24348 ||| FLEEEEING.
 24464 | Lair:5   | 24464 ||| Stepping ~*~*~tactically~*~*~ (stealth).
 24469 | Lair:5   | 24469 ||| INVOKING Brothers in Arms.
 24471 | Lair:5   | Reached skill level 16 in Axes
 24473 | Lair:5   | 24473 ||| SWAPPING to +2 morningstar of holy wrath.
 24475 | Lair:5   | 24475 ||| INVOKING Berserk.
 24493 | Lair:5   | 24493 ||| INVOKING Trog's Hand.
 24494 | Lair:5   | 24494 ||| SWAPPING to +3 broad axe of freezing.
 24500 | Lair:5   | Found the +8 trident of the Octopus King {venom, rElec
                  | rPois}
 24544 | Lair:5   | 24544 ||| Stepping ~*~*~tactically~*~*~ (stealth).
 24545 | Lair:5   | 24545 ||| FLEEEEING.
 24553 | Lair:5   | 24553 ||| FLEEEEING.
 24811 | Lair:5   | 24811 ||| Stepping ~*~*~tactically~*~*~ (stealth).
 24821 | Lair:5   | 24821 ||| Stepping ~*~*~tactically~*~*~ (stealth).
 24854 | Lair:5   | 24854 ||| INVOKING Brothers in Arms.
 24855 | Lair:5   | 24855 ||| SWAPPING to +2 morningstar of holy wrath.
 24856 | Lair:5   | 24856 ||| INVOKING Berserk.
 24918 | Lair:5   | 24918 ||| SWAPPING to +3 broad axe of freezing.
 24945 | Lair:5   | Identified the +9 falchion "Otiare" {vorpal, rN+ Dex+4}
 24995 | Lair:5   | 24995 ||| Stepping ~*~*~tactically~*~*~ (stealth).
 24999 | Lair:5   | 24999 ||| INVOKING Berserk.
 25104 | Lair:5   | 25104 ||| Stepping ~*~*~tactically~*~*~ (stealth).
 25105 | Lair:5   | 25105 ||| Stepping ~*~*~tactically~*~*~ (stealth).
 25122 | Lair:5   | 25122 ||| INVOKING Berserk.
 25127 | Lair:5   | Reached XP level 15. HP: 96/96 MP: 15/15
 25278 | Lair:5   | Noticed Sonja
 25307 | Lair:5   | Killed Sonja
 25541 | Lair:5   | 25541 ||| Stepping ~*~*~tactically~*~*~ (stealth).
 25543 | Lair:5   | 25543 ||| Stepping ~*~*~tactically~*~*~ (stealth).
 25545 | Lair:5   | 25545 ||| Stepping ~*~*~tactically~*~*~ (stealth).
 25546 | Lair:5   | 25546 ||| Stepping ~*~*~tactically~*~*~ (hiding).
 25742 | Lair:5   | 25742 ||| READING scroll of enchant armour.
 25742 | Lair:5   | 25742 ||| ENCHANTING +1 helmet.
 25826 | Lair:5   | 25826 ||| PLANNING D
 25826 | Lair:5   | 25826 ||| DROPPING +2 cloak.
 25827 | Lair:5   | 25827 ||| UPGRADING to amulet of guardian spirit.
 25832 | Lair:5   | 25832 ||| READING 4 scrolls of identify.
 25832 | Lair:5   | 25832 ||| IDENTIFYING fizzy sapphire potion
 25833 | Lair:5   | 25833 ||| DRINKING potion of experience.
 25833 | Lair:5   | Reached skill level 17 in Axes
 25833 | Lair:5   | Reached XP level 16. HP: 101/101 MP: 16/16
 26247 | D:12     | 26247 ||| Stepping ~*~*~tactically~*~*~ (stealth).
 26412 | D:12     | 26412 ||| Stepping ~*~*~tactically~*~*~ (stealth).
 26414 | D:12     | 26414 ||| Stepping ~*~*~tactically~*~*~ (stealth).
 26418 | D:12     | 26418 ||| Stepping ~*~*~tactically~*~*~ (stealth).
 26480 | D:12     | 26480 ||| Stepping ~*~*~tactically~*~*~ (hiding).
 26482 | D:12     | 26482 ||| Stepping ~*~*~tactically~*~*~ (hiding).
 26597 | D:12     | 26597 ||| INVOKING Berserk.
 26610 | D:12     | 26610 ||| SWAPPING to +2 morningstar of holy wrath.
 26616 | D:12     | 26616 ||| SWAPPING to +3 broad axe of freezing.
 26874 | D:12     | 26874 ||| Stepping ~*~*~tactically~*~*~ (stealth).
 26875 | D:12     | 26875 ||| Stepping ~*~*~tactically~*~*~ (stealth).
 26985 | D:12     | 26985 ||| Stepping ~*~*~tactically~*~*~ (stealth).
 27060 | D:12     | 27060 ||| Stepping ~*~*~tactically~*~*~ (stealth).
 27156 | D:12     | 27156 ||| DROPPING +2 morningstar of holy wrath.
 27157 | D:12     | 27157 ||| READING scroll labelled BESHAR EPUR.
 27211 | D:13     | 27211 ||| Stepping ~*~*~tactically~*~*~ (stealth).
 27212 | D:13     | 27212 ||| Stepping ~*~*~tactically~*~*~ (stealth).
 27221 | D:13     | Reached skill level 12 in Armour
 27686 | D:13     | Noticed Snorg
 27687 | D:13     | 27687 ||| INVOKING Brothers in Arms.
 27690 | D:13     | 27690 ||| INVOKING Brothers in Arms.
 27694 | D:13     | Killed Snorg
 27695 | D:13     | Reached skill level 6 in Throwing
 27903 | D:13     | Found a bloodstained altar of Trog.
 28091 | D:13     | 28091 ||| DROPPING +2 hat.
 28146 | D:14     | 28146 ||| Stepping ~*~*~tactically~*~*~ (hiding).
 28147 | D:14     | 28147 ||| Stepping ~*~*~tactically~*~*~ (hiding).
 28148 | D:14     | 28148 ||| Stepping ~*~*~tactically~*~*~ (hiding).
 28149 | D:14     | 28149 ||| Stepping ~*~*~tactically~*~*~ (hiding).
 28180 | D:14     | Identified the +7 flail "Ciatik" {drain, rPois rF+ Will+
                  | Dex+4}
 28191 | D:14     | Found a gate to the Vaults.
 28299 | D:14     | 28299 ||| Stepping ~*~*~tactically~*~*~ (hiding).
 28302 | D:14     | 28302 ||| Stepping ~*~*~tactically~*~*~ (hiding).
 28428 | D:14     | 28428 ||| Stepping ~*~*~tactically~*~*~ (stealth).
 28629 | D:14     | 28629 ||| READING scroll labelled AMMAER OSETIPT.
 28629 | D:14     | Identified a scroll of acquirement
 28629 | D:14     | 28629 ||| ACQUIRING +0 pair of gloves of infusion
 28629 | D:14     | Acquired a +0 pair of gloves of infusion
 28631 | D:14     | 28631 ||| UPGRADING to +0 pair of gloves of infusion.
 28665 | D:15     | Entered Level 15 of the Dungeon
 28723 | D:15     | 28723 ||| Stepping ~*~*~tactically~*~*~ (hiding).
 28865 | D:15     | 28865 ||| SWAPPING to +0 vampiric morningstar.
 28866 | D:15     | 28866 ||| INVOKING Berserk.
 28877 | D:15     | 28877 ||| SWAPPING to +3 broad axe of freezing.
 29054 | D:15     | 29054 ||| INVOKING Berserk.
 29383 | D:15     | 29383 ||| Stepping ~*~*~tactically~*~*~ (stealth).
 29385 | D:15     | 29385 ||| INVOKING Berserk.
 29580 | D:15     | 29580 ||| SWAPPING to +0 vampiric morningstar.
 29581 | D:15     | 29581 ||| INVOKING Berserk.
 29592 | D:15     | 29592 ||| SWAPPING to +3 broad axe of freezing.
 29735 | D:15     | 29735 ||| SWAPPING to +0 vampiric morningstar.
 29736 | D:15     | 29736 ||| INVOKING Berserk.
 29751 | D:15     | 29751 ||| Stepping ~*~*~tactically~*~*~ (stealth).
 29752 | D:15     | 29752 ||| SWAPPING to +3 broad axe of freezing.
 29814 | D:15     | 29814 ||| Stepping ~*~*~tactically~*~*~ (stealth).
 29816 | D:15     | 29816 ||| Stepping ~*~*~tactically~*~*~ (hiding).
 29825 | D:15     | Reached skill level 18 in Axes
 29841 | D:15     | 29841 ||| FLEEEEING.
 29842 | D:15     | 29842 ||| FLEEEEING.
 29843 | D:15     | 29843 ||| FLEEEEING.
 29844 | D:15     | 29844 ||| FLEEEEING.
 29845 | D:15     | 29845 ||| FLEEEEING.
 29846 | D:15     | 29846 ||| FLEEEEING.
 29847 | D:15     | 29847 ||| FLEEEEING.
 29848 | D:15     | 29848 ||| FLEEEEING.
 29853 | D:15     | 29853 ||| FLEEEEING.
 29856 | D:15     | 29856 ||| FLEEEEING.
 29857 | D:15     | 29857 ||| FLEEEEING.
 29858 | D:15     | 29858 ||| FLEEEEING.
 29859 | D:15     | 29859 ||| FLEEEEING.
 29861 | D:15     | 29861 ||| FLEEEEING.
 29862 | D:15     | 29862 ||| FLEEEEING.
 29863 | D:15     | 29863 ||| FLEEEEING.
 29866 | D:15     | 29866 ||| STAIRDANCE
 29919 | D:15     | 29919 ||| STAIRDANCE
 29934 | D:15     | 29934 ||| STAIRDANCE
 29972 | D:15     | 29972 ||| STAIRDANCE
 30288 | D:15     | 30288 ||| INVOKING Berserk.
 30409 | D:15     | 30409 ||| Stepping ~*~*~tactically~*~*~ (stealth).
 30410 | D:15     | 30410 ||| INVOKING Trog's Hand.
 30458 | D:15     | 30458 ||| Stepping ~*~*~tactically~*~*~ (stealth).
 30464 | D:15     | Paralysed by a floating eye for 4 turns
 30523 | D:15     | Found a staircase to the Depths.
 30534 | D:15     | 30534 ||| PLANNING ORC
 30719 | Orc:1    | Entered Level 1 of the Orcish Mines
 30739 | Orc:1    | 30739 ||| INVOKING Berserk.
 30749 | Orc:1    | Reached XP level 17. HP: 108/108 MP: 9/17
 31197 | Orc:2    | Entered Level 2 of the Orcish Mines
 31297 | Orc:2    | Found a staircase to the Elven Halls.
 31708 | Orc:2    | 31708 ||| Stepping ~*~*~tactically~*~*~ (hiding).
 31711 | Orc:2    | Found Kyphoicw's Distillery.
 31724 | Orc:2    | 31724 ||| INVOKING Berserk.
 31749 | Orc:2    | HP: 29/163 [orc high priest/divine providence (12)]
 31753 | Orc:2    | 31753 ||| READING 10 scrolls of teleportation.
 31754 | Orc:2    | 31754 ||| DRINKING 12 potions of heal wounds.
 31755 | Orc:2    | HP: 24/109 [orc high priest/divine providence (16)]
 31755 | Orc:2    | HP: 11/109 [orc high priest/+0 trident (13)]
 31756 | Orc:2    | 31756 ||| DRINKING 11 potions of heal wounds.
 31858 | Orc:2    | 31858 ||| Invisible monster not found???
 32492 | Orc:2    | 32492 ||| Stepping ~*~*~tactically~*~*~ (hiding).
 32494 | Orc:2    | 32494 ||| Stepping ~*~*~tactically~*~*~ (stealth).
 32498 | Orc:2    | 32498 ||| Stepping ~*~*~tactically~*~*~ (hiding).
 32499 | Orc:2    | 32499 ||| Stepping ~*~*~tactically~*~*~ (hiding).
 32685 | Orc:2    | 32685 ||| Stepping ~*~*~tactically~*~*~ (hiding).
 32698 | Orc:2    | 32698 ||| Stepping ~*~*~tactically~*~*~ (stealth).
 32703 | Orc:2    | 32703 ||| Stepping ~*~*~tactically~*~*~ (stealth).
 32710 | Orc:2    | 32710 ||| Stepping ~*~*~tactically~*~*~ (stealth).
 32728 | Orc:2    | 32728 ||| Stepping ~*~*~tactically~*~*~ (stealth).
 32733 | Orc:2    | 32733 ||| Stepping ~*~*~tactically~*~*~ (stealth).
 32737 | Orc:2    | 32737 ||| Stepping ~*~*~tactically~*~*~ (stealth).
 32822 | Orc:2    | 32822 ||| FLEEEEING.
 32823 | Orc:2    | 32823 ||| FLEEEEING.
 32824 | Orc:2    | 32824 ||| FLEEEEING.
 32825 | Orc:2    | 32825 ||| FLEEEEING.
 32826 | Orc:2    | 32826 ||| FLEEEEING.
 32827 | Orc:2    | 32827 ||| FLEEEEING.
 32828 | Orc:2    | 32828 ||| FLEEEEING.
 32831 | Orc:2    | 32831 ||| FLEEEEING.
 32832 | Orc:2    | 32832 ||| FLEEEEING.
 32833 | Orc:2    | 32833 ||| FLEEEEING.
 32834 | Orc:2    | 32834 ||| FLEEEEING.
 32835 | Orc:2    | 32835 ||| FLEEEEING.
 32840 | Orc:2    | 32840 ||| FLEEEEING.
 32841 | Orc:2    | 32841 ||| FLEEEEING.
 32842 | Orc:2    | 32842 ||| FLEEEEING.
 32846 | Orc:2    | 32846 ||| FLEEEEING.
 32848 | Orc:2    | 32848 ||| FLEEEEING.
 32849 | Orc:2    | 32849 ||| FLEEEEING.
 32850 | Orc:2    | 32850 ||| FLEEEEING.
 32851 | Orc:2    | 32851 ||| FLEEEEING.
 32852 | Orc:2    | 32852 ||| FLEEEEING.
 32853 | Orc:2    | 32853 ||| FLEEEEING.
 32945 | Orc:2    | Found Jaured's Magic Scroll Boutique.
 32954 | Orc:2    | 32954 ||| Stepping ~*~*~tactically~*~*~ (stealth).
 32973 | Orc:2    | 32973 ||| BUYING 2 potions of might (96 gold).
 32973 | Orc:2    | Bought 2 potions of might for 96 gold pieces
 32973 | Orc:2    | 32973 ||| BUYING potion of curing (36 gold).
 32973 | Orc:2    | Bought a potion of curing for 36 gold pieces
 32973 | Orc:2    | 32973 ||| BUYING potion of curing (36 gold).
 32973 | Orc:2    | Bought a potion of curing for 36 gold pieces
 32973 | Orc:2    | 32973 ||| BUYING potion of might (48 gold).
 32973 | Orc:2    | Bought a potion of might for 48 gold pieces
 32973 | Orc:2    | 32973 ||| BUYING potion of mutation (96 gold).
 32973 | Orc:2    | Bought a potion of mutation for 96 gold pieces
 32976 | Orc:2    | 32976 ||| BUYING scroll of brand weapon (104 gold).
 32976 | Orc:2    | Bought a scroll of brand weapon for 104 gold pieces
 32976 | Orc:2    | 32976 ||| BUYING scroll of enchant weapon (82 gold).
 32976 | Orc:2    | Bought a scroll of enchant weapon for 82 gold pieces
 32976 | Orc:2    | 32976 ||| BUYING scroll of identify (22 gold).
 32976 | Orc:2    | Bought a scroll of identify for 22 gold pieces
 32976 | Orc:2    | 32976 ||| BUYING scroll of teleportation (33 gold).
 32976 | Orc:2    | Bought a scroll of teleportation for 33 gold pieces
 32976 | Orc:2    | 32976 ||| READING scroll of brand weapon.
 32976 | Orc:2    | 32976 ||| BRANDING +3 broad axe of freezing.
 32977 | Orc:2    | 32977 ||| READING scroll of enchant weapon.
 32977 | Orc:2    | 32977 ||| ENCHANTING +3 vorpal broad axe.
 32978 | Orc:2    | Found Wycosh's Jewellery Boutique.
 32980 | Orc:2    | Found Ateluagg's Magic Scroll Emporium.
 32987 | Orc:2    | 32987 ||| BUYING amulet "Lieschyin" {Acrobat Harm rC+ rCorr
                  | Str+2} (645 gold).
 32987 | Orc:2    | Bought the amulet "Lieschyin" {Acrobat Harm rC+ rCorr
                  | Str+2} for 645 gold pieces
 32987 | Orc:2    | 32987 ||| BUYING amulet of regeneration (360 gold).
 32987 | Orc:2    | Bought an amulet of regeneration for 360 gold pieces
 32989 | Orc:2    | 32989 ||| Stepping ~*~*~tactically~*~*~ (hiding).
 32991 | Orc:2    | 32991 ||| Stepping ~*~*~tactically~*~*~ (hiding).
 32994 | Orc:2    | 32994 ||| Stepping ~*~*~tactically~*~*~ (hiding).
 33038 | Orc:2    | 33038 ||| SHOPLISTING scroll of acquirement (884 gold, have
                  | 551).
 33038 | Orc:2    | 33038 ||| BUYING scroll of enchant armour (127 gold).
 33038 | Orc:2    | Bought a scroll of enchant armour for 127 gold pieces
 33038 | Orc:2    | 33038 ||| BUYING scroll of enchant weapon (127 gold).
 33038 | Orc:2    | Bought a scroll of enchant weapon for 127 gold pieces
 33038 | Orc:2    | 33038 ||| BUYING scroll of teleportation (51 gold).
 33038 | Orc:2    | Bought a scroll of teleportation for 51 gold pieces
 33038 | Orc:2    | 33038 ||| READING scroll of enchant armour.
 33038 | Orc:2    | 33038 ||| ENCHANTING +0 pair of gloves of infusion.
 33039 | Orc:2    | 33039 ||| READING scroll of enchant weapon.
 33039 | Orc:2    | 33039 ||| ENCHANTING +4 vorpal broad axe.
 33261 | Orc:1    | 33261 ||| PLANNING SHOALS:1-3
 33399 | Shoals:1 | Entered Level 1 of the Shoals
 33414 | Shoals:1 | 33414 ||| Stepping ~*~*~tactically~*~*~ (hiding).
 33416 | Shoals:1 | 33416 ||| Stepping ~*~*~tactically~*~*~ (hiding).
 33465 | Shoals:1 | 33465 ||| Stepping ~*~*~tactically~*~*~ (hiding).
 34008 | Shoals:1 | Noticed a kraken
 34016 | Shoals:1 | Killed a kraken
 34029 | Shoals:1 | Found a runed translucent door.
 34063 | Shoals:1 | 34063 ||| INVOKING Brothers in Arms.
 34066 | Shoals:1 | 34066 ||| INVOKING Berserk.
 34078 | Shoals:1 | HP: 28/166 [merfolk javelineer/silver javelin (15)]
 34085 | Shoals:1 | HP: 13/166 [merfolk impaler/+0 trident (10)]
 34090 | Shoals:1 | 34090 ||| READING 11 scrolls of teleportation.
 34091 | Shoals:1 | 34091 ||| DRINKING 10 potions of heal wounds.
 34381 | Shoals:1 | 34381 ||| INVOKING Trog's Hand.
 34382 | Shoals:1 | 34382 ||| INVOKING Brothers in Arms.
 34383 | Shoals:1 | 34383 ||| INVOKING Brothers in Arms.
 34384 | Shoals:1 | 34384 ||| INVOKING Brothers in Arms.
 34385 | Shoals:1 | 34385 ||| INVOKING Brothers in Arms.
 34386 | Shoals:1 | 34386 ||| INVOKING Brothers in Arms.
 34392 | Shoals:1 | 34392 ||| INVOKING Berserk.
 34484 | Shoals:1 | HP: 27/112 [merfolk/+1 vorpal trident (15)]
 34485 | Shoals:1 | 34485 ||| READING 10 scrolls of teleportation.
 34486 | Shoals:1 | 34486 ||| DRINKING 9 potions of heal wounds.
 34490 | Shoals:1 | 34490 ||| INVOKING Berserk.
 34591 | Shoals:1 | 34591 ||| Stepping ~*~*~tactically~*~*~ (stealth).
 34592 | Shoals:1 | 34592 ||| Stepping ~*~*~tactically~*~*~ (stealth).
 34593 | Shoals:1 | 34593 ||| Stepping ~*~*~tactically~*~*~ (stealth).
 34595 | Shoals:1 | 34595 ||| Stepping ~*~*~tactically~*~*~ (stealth).
 34596 | Shoals:1 | 34596 ||| Stepping ~*~*~tactically~*~*~ (hiding).
 34598 | Shoals:1 | 34598 ||| Stepping ~*~*~tactically~*~*~ (hiding).
 34599 | Shoals:1 | 34599 ||| Stepping ~*~*~tactically~*~*~ (hiding).
 34602 | Shoals:1 | 34602 ||| INVOKING Berserk.
 34622 | Shoals:1 | 34622 ||| INVOKING Brothers in Arms.
 34625 | Shoals:1 | Reached skill level 15 in Fighting
 34695 | Shoals:1 | 34695 ||| INVOKING Berserk.
 34786 | Shoals:1 | 34786 ||| Stepping ~*~*~tactically~*~*~ (stealth).
 34787 | Shoals:1 | 34787 ||| Stepping ~*~*~tactically~*~*~ (stealth).
 34788 | Shoals:1 | 34788 ||| Stepping ~*~*~tactically~*~*~ (stealth).
 34789 | Shoals:1 | 34789 ||| Stepping ~*~*~tactically~*~*~ (stealth).
 34790 | Shoals:1 | 34790 ||| Stepping ~*~*~tactically~*~*~ (stealth).
 34792 | Shoals:1 | 34792 ||| Stepping ~*~*~tactically~*~*~ (stealth).
 34858 | Shoals:1 | 34858 ||| READING scroll of enchant weapon.
 34858 | Shoals:1 | 34858 ||| ENCHANTING +5 vorpal broad axe.
 34863 | Shoals:1 | 34863 ||| Stepping ~*~*~tactically~*~*~ (hiding).
 35078 | Shoals:1 | Noticed a kraken
 35088 | Shoals:1 | Killed a kraken
 35131 | Shoals:1 | Noticed a kraken
 35138 | Shoals:1 | Killed a kraken
 35259 | Shoals:1 | Noticed a kraken
 35270 | Shoals:1 | Killed a kraken
 35410 | Shoals:1 | Identified the +0 pair of boots of Teecu {Contam Str+2
                  | Slay+2}
 35583 | Shoals:1 | 35583 ||| Stepping ~*~*~tactically~*~*~ (hiding).
 35584 | Shoals:1 | 35584 ||| Stepping ~*~*~tactically~*~*~ (hiding).
 35586 | Shoals:1 | 35586 ||| Stepping ~*~*~tactically~*~*~ (hiding).
 35589 | Shoals:1 | 35589 ||| Stepping ~*~*~tactically~*~*~ (hiding).
 35591 | Shoals:1 | 35591 ||| Stepping ~*~*~tactically~*~*~ (hiding).
 35627 | Shoals:1 | 35627 ||| UPGRADING to +0 pair of boots of Teecu {Contam
                  | Str+2 Slay+2}.
 35730 | Shoals:2 | 35730 ||| STAIRDANCE
 35751 | Shoals:2 | 35751 ||| STAIRDANCE
 35852 | Shoals:2 | 35852 ||| INVOKING Trog's Hand.
 35853 | Shoals:2 | 35853 ||| INVOKING Brothers in Arms.
 35872 | Shoals:2 | 35872 ||| INVOKING Trog's Hand.
 35885 | Shoals:2 | 35885 ||| INVOKING Berserk.
 36026 | Shoals:2 | Noticed Roxanne
 36035 | Shoals:2 | 36035 ||| INVOKING Berserk.
 36044 | Shoals:2 | Killed Roxanne
 36672 | Shoals:2 | 36672 ||| INVOKING Trog's Hand.
 36677 | Shoals:2 | Reached XP level 18. HP: 104/119 MP: 11/18
 36678 | Shoals:2 | 36678 ||| INVOKING Berserk.
 36746 | Shoals:2 | 36746 ||| DROPPING +0 vampiric morningstar.
 36812 | Shoals:2 | 36812 ||| FLEEEEING.
 36813 | Shoals:2 | 36813 ||| FLEEEEING.
 36814 | Shoals:2 | 36814 ||| FLEEEEING.
 36815 | Shoals:2 | 36815 ||| FLEEEEING.
 36816 | Shoals:2 | 36816 ||| FLEEEEING.
 36817 | Shoals:2 | 36817 ||| FLEEEEING.
 36821 | Shoals:2 | 36821 ||| INVOKING Berserk.
 37322 | Shoals:3 | 37322 ||| INVOKING Berserk.
 37487 | Shoals:3 | 37487 ||| INVOKING Trog's Hand.
 37494 | Shoals:3 | 37494 ||| INVOKING Berserk.
 37503 | Shoals:3 | Noticed Ilsuiw
 37532 | Shoals:3 | 37532 ||| INVOKING Berserk.
 37548 | Shoals:3 | Killed from afar by Ilsuiw

Levels and vault maps discovered:
D:1:      dpeg_arrival_arbitrary_b, layout_loops_ring, minmay_hedge_maze
D:2:      layout_basic, shapermc_ecumenical_altar_hornbeckon, uniq_terence
D:3:      minmay_spotlight, layout_loops_ring, marbit_many_paths,
          portal_sewer_entry_d
D:4:      layout_cave_pools, nzn_hepliaklqana_mist_gate,
          nicolae_tso_swordbearing_angel, nicolae_ossuary_entry_ruins
D:5:      layout_basic, nicolae_kikubaaqudgha_miasma_corner,
          overflow_temple_1_default
D:6:      layout_loops_corners, okawaru_trees_1, serial_glass, glass_columns_c,
          glass_columns_a, glass_columns_b, glass_columns_a, glass_columns_a
D:7:      layout_cave_pools, grunt_temple_overflow_gold_and_silver,
          minmay_temple_entry_ruins, nicolae_shop_overcharged_wands
D:8:      minmay_the_grid_triangle_9x9_recursive_2
          [minmay_the_grid_triangle_9x9_prize_center,
          minmay_the_grid_triangle_9x9_stretched_checkered,
          minmay_the_grid_triangle_9x9_checkered,
          minmay_the_grid_triangle_9x9_impossible_snake], layout_rooms,
          led_sif_pool
D:9:      layout_long_grid, lemuel_doored_altar, dreamdust_mushroom_princess
D:10:     layout_irregular_city, nicolae_wu_jian_wuxing_cycle, serial_shops,
          nicolae_square_shop, uniq_grum
D:11:     kb_forest_paths, layout_basic, lair_entry_dummy, david_orc_4,
          portal_ice_cave_entry_imps
D:12:     minmay_concentric_multi, layout_loops_cross
D:13:     layout_gridville, bloody_trog, uniq_snorg
D:14:     gammafunk_indiana_jones, layout_rooms, erik_vaults_1,
          grunt_decor_arrowhead, grunt_ogre_cave, kennysheep_nondescript
D:15:     gammafunk_enter_depths_forms, layout_loops_ring, grunt_ministairs_2,
          dreamdust_wishing_well, chequers_big_river
Lair:1:   layout_cave_pods, gauntlet_entry_generic,
          chequers_serial_rivers_micro_e, dreamdust_wasp_nest,
          grunt_megastairs_3, serial_bayou_shore_a, uniq_gastronok
Lair:2:   layout_cave_pods, shoals_dummy_entry, lemuel_fruit_tree, uniq_harold
Lair:3:   layout_layer_cave, spider_nest_entry_funnel_web, special_room
          [special_room_bee], kennysheep_snail_temple, uniq_urug, uniq_rupert
Lair:4:   layout_regular_city, dpeg_slime_entry_corner, fungi_pond_lemuel,
          grunt_megastairs_4, infiniplex_staircase_pool_2, uniq_josephine
Lair:5:   gammafunk_lair_ancient_temple, layout_regular_city, st_stairs_6,
          serial_bayou_pond_b, kennysheep_rathole, uniq_sonja
Shoals:1: nicolae_shoals_lighthouse, layout_shoals
Shoals:2: layout_shoals, uniq_roxanne
Shoals:3: layout_shoals, nicolae_shoals_water_booths, uniq_ilsuiw
Orc:1:    layout_diamond_mine
Orc:2:    st_orc_elflike, layout_caves, minmay_orc_temple_b

Skill      XL: |  1  2  3  4  5  6  7  8  9 10 11 12 13 14 15 16 17 |
---------------+----------------------------------------------------+-----
Axes           | 3 4 5 6 7 8 10 11 12 14 16 17 18 | 18.0
Shields        | 1 2 3 4 5 6 8 12 13 14 | 14.2
Throwing       | 1 2 4 5 6 8 |  8.0
Fighting       | 4 6 7 9 10 11 12 13 15 | 15.0
Armour         | 3 5 6 8 9 10 11 12 14 | 14.8
Dodging        | 2 3 4 5 |  5.0

Action                   |  1- 3 |  4- 6 |  7- 9 | 10-12 | 13-15 | 16-18 || total
-------------------------+-------+-------+-------+-------+-------+-------++-------
Melee: Hand axe          |    33 |       |       |       |       |       ||    33
       War axe           |    45 |   173 |       |       |       |       ||   218
       Broad axe         |       |    30 |   392 |   459 |   675 |   903 ||  2459
       Flail             |       |       |       |     9 |     2 |       ||    11
       Morningstar       |       |       |       |       |    22 |    25 ||    47
Throw: Javelin           |       |    27 |    16 |     3 |   120 |    57 ||   223
       Boomerang         |       |       |    23 |    63 |    24 |    11 ||   121
Invok: Berserk           |     3 |     3 |    15 |    25 |    22 |    21 ||    89
       Brothers in Arms  |       |       |       |     1 |     4 |     9 ||    14
       Trog's Hand       |       |       |       |       |     2 |     6 ||     8
  Use: Scroll            |     2 |     8 |    10 |     7 |     3 |    10 ||    40
       Potion            |     1 |     1 |     2 |     3 |     2 |     4 ||    13
Armor: Animal skin       |    14 |       |       |       |       |       ||    14
       Ring mail         |     5 |    11 |       |       |       |       ||    16
       Chain mail        |       |   128 |    85 |       |       |       ||   213
       Plate armour      |       |       |   164 |   364 |   333 |   540 ||  1401
Dodge: Dodged            |    42 |    88 |   135 |   137 |   150 |   201 ||   753
Block: Buckler           |     1 |    38 |    62 |    92 |       |       ||   193
       Kite shield       |       |       |       |     3 |   568 |   833 ||  1404

Table legend:
 A = Non-vault XP
 B = Vault XP
 C = Vault XP percentage of total XP
 D = Non-vault monster count
 E = Vault monster count
 F = Vault count percentage of total count
                 A         B        C        D         E       F
            +---------+---------+-------+---------+---------+-------
      Total |  124687 |   85399 |  40.6 |     541 |     333 |  38.1
            +---------+---------+-------+---------+---------+-------
        D:1 |      25 |       0 |   0.0 |      18 |       0 |   0.0
        D:2 |     113 |      36 |  24.2 |      24 |       1 |   4.0
        D:3 |      25 |      17 |  40.5 |       8 |       4 |  33.3
        D:4 |     345 |       0 |   0.0 |      16 |       0 |   0.0
        D:5 |     613 |       0 |   0.0 |      22 |       0 |   0.0
        D:6 |    1001 |       0 |   0.0 |      28 |       0 |   0.0
        D:7 |     915 |       0 |   0.0 |      19 |       0 |   0.0
        D:8 |     668 |    2569 |  79.4 |      13 |      15 |  53.6
        D:9 |     738 |       0 |   0.0 |      12 |       0 |   0.0
       D:10 |    5903 |     416 |   6.6 |      28 |       3 |   9.7
       D:11 |    2504 |    5481 |  68.6 |      11 |      45 |  80.4
       D:12 |    3115 |   11691 |  79.0 |      14 |      22 |  61.1
       D:13 |    5035 |     976 |  16.2 |      19 |       1 |   5.0
       D:14 |    3797 |    2472 |  39.4 |       7 |       3 |  30.0
       D:15 |   10529 |    5650 |  34.9 |      25 |      11 |  30.6
     Lair:1 |    5719 |    3415 |  37.4 |      28 |       8 |  22.2
     Lair:2 |    3205 |     889 |  21.7 |      16 |       1 |   5.9
     Lair:3 |   10848 |    6836 |  38.7 |      42 |      33 |  44.0
     Lair:4 |   10231 |    2785 |  21.4 |      31 |      10 |  24.4
     Lair:5 |   14209 |    8238 |  36.7 |      32 |      31 |  49.2
   Shoals:1 |   18941 |   16326 |  46.3 |      42 |      27 |  39.1
   Shoals:2 |   14949 |    1411 |   8.6 |      29 |       1 |   3.3
   Shoals:3 |    3774 |    2051 |  35.2 |       6 |       4 |  40.0
      Orc:1 |    2744 |       0 |   0.0 |      18 |       0 |   0.0
      Orc:2 |    4741 |    8661 |  64.6 |      33 |      35 |  51.5
      Sewer |       0 |     309 | 100.0 |       0 |      28 | 100.0
    Ossuary |       0 |     319 | 100.0 |       0 |      37 | 100.0
   Gauntlet |       0 |    4851 | 100.0 |       0 |      13 | 100.0
            +---------+---------+-------+---------+---------+-------
